 Dungeon Crawl Stone Soup version 0.30-a0-1075-gcd70e7a56d (webtiles) character file.

Game seed: 10591729495223213981

430 PriceMaster the Covered (level 6, 0/55 HPs)
             Began as a Minotaur Fighter on Apr 14, 2023.
             Was a Believer of Trog.
             Slain by a scorpion (2 damage)
             ... on level 6 of the Dungeon.
             The game lasted 00:07:06 (2615 turns).

PriceMaster the Covered (Minotaur Fighter)          Turns: 2615, Time: 00:07:07

Health: 0/55       AC: 11    Str: 22      XL:     6   Next: 66%
Magic:  5/5        EV: 10    Int:  3 (5)  God:    Trog [**....]
Gold:   313        SH:  0    Dex:  6 (10) Spells: 5/5 levels left

rFire   . . .      SeeInvis .    a - +0 war axe
rCold   . . .      Faith    .    (no shield)
rNeg    . . .      Spirit   .    s - +1 scale mail
rPois   .          Reflect  .    (helmet restricted)
rElec   .          Rampage  .    (no cloak)
rCorr   .          Clarity  +    r - +2 pair of gloves
Will    ++...                    (no boots)
Stlth   +                        (no amulet)
HPRegen 1.29/turn                (no ring)
MPRegen 0.09/turn                (no ring)

@: strong-willed, flying, regenerating
A: horns 2, retaliatory headbutt, camouflage 1, clarity, mutation resistance 1
a: Renounce Religion, Berserk, Trog's Hand


You were on level 6 of the Dungeon.
You worshipped Trog.
Trog was pleased with you.
You visited 1 branch of the dungeon, and saw 6 of its levels.

You collected 313 gold pieces.

Inventory:

Hand Weapons
 a - a +0 war axe (weapon)
 d - a +6 great mace
 g - a +2 short sword of venom
 m - a +2 whip of draining
 v - a +1 antimagic dagger
Armour
 b - a +0 scale mail
 c - a +0 buckler
 r - a +2 pair of gloves (worn)
 s - a +1 scale mail (worn)
Wands
 h - a wand of mindburst (8)
Scrolls
 k - a scroll of poison {unknown}
 l - a scroll of enchant armour
 o - a scroll of enchant weapon {unknown}
 t - a scroll of noise {unknown}
 w - a scroll of immolation {unknown}
Potions
 f - a potion of attraction
 i - a potion of cancellation
 n - a potion of brilliance


   Skills:
 + Level 4.8 Fighting
 + Level 3.2 Short Blades
 + Level 2.8(3.2) Axes
 + Level 2.3(3.0) Maces & Flails
 + Level 6.0 Armour
 + Level 1.0 Dodging
 + Level 0.4 Stealth
 + Level 4.5 Shields


You had 5 spell levels left.
You didn't know any spells.
Your spell library was empty.

Dungeon Overview and Level Annotations

Branches:
Dungeon (7/15)
 Temple: D:4-7

Altars:
Elyvilon
Gozag
Trog

Annotations:
D:4 1 transporter


Innate Abilities, Weirdness & Mutations

You have a pair of horns on your head.
You reflexively headbutt those who attack you in melee.
Your skin changes colour to match your surroundings (Stealth+).
You possess an exceptional clarity of mind.
You are somewhat resistant to further mutation.


Message History

The orc priest is almost dead.
You slash the orc priest! You hit the scorpion. You hit the orc wizard.
The orc priest invokes the aid of Beogh against you.
Beogh smites you!
The orc priest casts a cantrip, but nothing happens.
The orc wizard casts a spell at you.
You feel momentarily confused. The scorpion misses you.
You furiously retaliate!
You headbutt the scorpion.
The orc priest invokes the aid of Beogh against you.
You barely resist.
The orc priest invokes the aid of Beogh against you.
Pain shoots through your body!
* * * LOW HITPOINT WARNING * * *
The orc wizard hits you but does no damage.
The scorpion misses you.
You are too injured to fight recklessly!
You feel very buoyant.
You fly up into the air.
The scorpion stings you but does no damage.
The orc priest completely misses you. The orc priest closely misses you.
The orc wizard hits you but does no damage.
You feel better. The scorpion stings you.
You are poisoned.
The scorpion poisons you! The orc priest misses you.
The orc priest calls down the wrath of Beogh upon you.
Pain shoots through your body!
* * * LOW HITPOINT WARNING * * *
The orc wizard hits you but does no damage.
You feel better.
The scorpion stings you but does no damage.
The orc priest hits you with a +0 club.
* * * LOW HITPOINT WARNING * * *
The orc priest calls down the wrath of Beogh upon you.
Beogh smites you!
* * * LOW HITPOINT WARNING * * *
The orc wizard hits you but does no damage.
Your skin crawls.
You feel strong-willed. The scorpion stings you.
You die...

###.....#
..............####
.................#
..)............>.+
.................#
............†....#
.................#
.......o.........#
....!.o@.........#
......so.#########
.........#
.........#
########.# ..# .##
.


You could see a scorpion, 2 orc priests and an orc wizard.

Vanquished Creatures
  The ghost of Darkkill the Shooter, an amateur MiHu (D:3)
  An ogre (D:3)
  A scorpion (D:6)
  An orc priest (D:7)
  A sleepcap (D:7)
  Ijyb (D:3)
  An orc wizard (D:7)
  3 adders (D:2)
  5 dart slugs
  4 orcs
  5 ball pythons
  7 endoplasms
  7 goblins
  2 hobgoblins (D:1)
  3 jackals (D:2)
  7 bats
  2 frilled lizards
  8 kobolds
  4 rats
64 creatures vanquished.

Vanquished Creatures (others)
  4 plants (D:3)
4 creatures vanquished.

Grand Total: 68 creatures vanquished

Notes
Turn   | Place    | Note
-------+----------+-------------------------------------------
     0 | D:1      | PriceMaster the Minotaur Fighter began the quest for the
                  | Orb.
     0 | D:1      | Reached XP level 1. HP: 19/19 MP: 0/0
    89 | D:1      | Reached XP level 2. HP: 26/27 MP: 1/1
   341 | D:1      | Reached skill level 4 in Armour
   814 | D:2      | Reached XP level 3. HP: 29/33 MP: 2/2
   845 | D:2      | Found a faded altar of an unknown god.
   860 | D:2      | Reached skill level 1 in Short Blades
   888 | D:2      | Prayed at the altar of an unknown god.
   888 | D:2      | Became a worshipper of Trog the Wrathful
   888 | D:2      | Reached * piety under Trog
  1126 | D:2      | Reached XP level 4. HP: 31/40 MP: 3/3
  1434 | D:3      | Found a transporter.
  1435 | D:3      | Found a transporter.
  1435 | D:3      | Noticed Darkkill's ghost (amateur MiHu)
  1441 | D:3      | Noticed an ogre
  1650 | D:3      | Gained mutation: Your body sometimes deteriorates upon
                  | taking damage. [potion of mutation]
  1650 | D:3      | Gained mutation: Your natural rate of healing is unusually
                  | fast. [potion of mutation]
  1650 | D:3      | Gained mutation: You are partially covered in iridescent
                  | scales. (AC +2) [potion of mutation]
  1660 | D:3      | Killed an ogre
  1661 | D:3      | Reached skill level 5 in Armour
  1661 | D:3      | Reached XP level 5. HP: 20/47 MP: 1/4
  1667 | D:3      | Killed Darkkill's ghost
  2077 | D:3      | Reached ** piety under Trog
  2095 | D:3      | Found an opulent altar of Gozag.
  2096 | D:3      | Noticed Ijyb
  2104 | D:3      | Killed Ijyb
  2105 | D:3      | Reached XP level 6. HP: 41/53 MP: 5/5
  2336 | D:3      | Found a white marble altar of Elyvilon.
  2435 | D:4      | Found a transporter.
  2449 | D:4      | You fall into a shaft and drop 3 floors!
  2455 | D:7      | Lost mutation: Your natural rate of healing is unusually
                  | fast. [potion of mutation]
  2455 | D:7      | Lost mutation: Your body sometimes deteriorates upon taking
                  | damage. [potion of mutation]
  2455 | D:7      | Gained mutation: You possess an exceptional clarity of
                  | mind. [potion of mutation]
  2455 | D:7      | Gained mutation: Your skin changes colour to match your
                  | surroundings (Stealth+). [potion of mutation]
  2455 | D:7      | Gained mutation: Your spells are a little harder to cast,
                  | but a little more powerful. [potion of mutation]
  2456 | D:7      | Lost mutation: Your spells are a little harder to cast, but
                  | a little more powerful. [potion of mutation]
  2456 | D:7      | Lost mutation: You are partially covered in iridescent
                  | scales. (AC +2) [potion of mutation]
  2456 | D:7      | Gained mutation: You are somewhat resistant to further
                  | mutation. [potion of mutation]
  2475 | D:7      | Reached skill level 1 in Maces & Flails
  2491 | D:7      | Noticed an ice beast
  2491 | D:7      | Noticed a steam dragon
  2495 | D:7      | Noticed a sky beast
  2518 | D:6      | Reached skill level 6 in Armour
  2518 | D:6      | Reached skill level 1 in Dodging
  2614 | D:6      | HP: 1/55 [orc priest/divine providence (10)]
  2615 | D:6      | Slain by a scorpion

Illustrated notes

Levels and vault maps discovered:
D:1:      dpeg_arrival_lava_temple_mockup, layout_rooms, nicolae_hexahallways
D:2:      layout_loops_ring, basic_ecumenical_altar,
          minmay_randomly_rotated_circles
D:3:      layout_rooms, nicolae_elyvilon_temple_path,
          nicolae_gozag_seed_capital, gammafunk_ghost_smash, uniq_ijyb
D:4:      gammafunk_steamed_eel, layout_gridville, nicolae_uskayaw_dance_hall,
          kennysheep_mini_moat, nicolae_ashenzari_skybound,
          ebering_ghost_reflecting_pool, kennysheep_opposing_triangles,
          uniq_menkaure, uniq_crazy_yiuf_cottage, uniq_natasha,
          uniq_blork_the_orc
D:6:      corexii_shantytown, layout_basic, nicolae_overflow_quartered_altars,
          gammafunk_temple_overflow_pools, mainiacjoe_overflow_surrounded_room,
          small_statue_intersection, minmay_fractal_squares_gapless_5
D:7:      layout_rooms, minmay_misc_feat_hallway

Skill      XL: |  1  2  3  4  5  6 |
---------------+-------------------+-----
Shields        | 4 |  4.5
Armour         | 4 5 6 |  6.0
Fighting       | 4 |  4.8
Short Blades   | 1 2 3 |  3.2
Maces & Flails | 2 |  2.3
Dodging        | 1 |  1.0
Axes           | |  2.8
Stealth        | |  0.4

Action                     |  1- 3 |  4- 6 || total
---------------------------+-------+-------++-------
  Melee: War axe           |    14 |     3 ||    17
         Headbutt          |     8 |    10 ||    18
         Short sword       |    70 |    17 ||    87
         Dagger            |       |    14 ||    14
         Great mace        |       |    33 ||    33
 Invoke: Berserk           |       |     1 ||     1
         Trog's Hand       |       |     1 ||     1
    Use: Potion            |       |    14 ||    14
         Scroll            |       |     6 ||     6
 Armour: Scale mail        |    35 |    37 ||    72
  Dodge: Dodged            |    28 |    40 ||    68
  Block: Buckler           |    14 |     8 ||    22

Table legend: (Time is in decaauts)
 A = Elapsed time spent in this place.
 B = Non-inter-level travel time spent in this place.
 C = Inter-level travel time spent in this place.
 D = Time resting spent in this place.
 E = Time spent auto-exploring this place.
 F = Levels seen in this place.
 G = Mean time per level.
                   A        B        C        D        E       F      G
               +--------+--------+--------+--------+--------+-----+--------+
         Total |   2661 |   2536 |    125 |    348 |   1628 |   6 |  443.5 |
       Dungeon |   2661 |   2536 |    125 |    348 |   1628 |   6 |  443.5 |
               +--------+--------+--------+--------+--------+-----+--------+

Top non-repeatable levels by time:
     D:3: 1017 daAuts
     D:2: 789 daAuts
     D:1: 642 daAuts
     D:6: 102 daAuts
     D:7: 86 daAuts
     D:4: 21 daAuts
